 Dungeon Crawl Stone Soup version 0.31-a0-1300-gb6740aa4e6 (webtiles) character file.

Game seed: 15636159327507194734

129 Pooter the Chopper (level 4, 0/41 HPs)
             Began as a Minotaur Fighter on Dec 19, 2023.
             Slain by a kobold brigand
             ... wielding a +0 whip
              (4 damage)
             ... in a sewer.
             The game lasted 00:08:05 (1709 turns).

Pooter the Chopper (Minotaur Fighter)               Turns: 1709, Time: 00:08:06

Health: 0/41       AC: 12    Str: 23    XL:     4   Next: 88%
Magic:  3/3        EV:  6    Int:  5    God:
Gold:   130        SH:  4    Dex:  9    Spells: 3/3 levels left

rFire   . . .        a - +0 war axe
rCold   . . .        c - +0 buckler
rNeg    . . .        g - +0 plate armour
rPois   .            (helmet restricted)
rElec   .            (no cloak)
rCorr   .            f - +0 pair of gloves
SInv    .            (no boots)
Will    .....        (no amulet) Stlth
                     (no ring)
HPRegen 0.26/turn    (no ring)
MPRegen 0.08/turn

%: no passive effects
@: slowed, very slow
A: horns 2, retaliatory headbutt
a: no special abilities


You were in a sewer.
You visited 1 branch of the dungeon, and saw 3 of its levels.
You also visited: Sewer.

You collected 130 gold pieces.

Inventory:

Hand Weapons
 a - a +0 war axe (weapon)
 b - a +0 sling
   (You found it on level 1 of the Dungeon)
Missiles
 e - 4 curare-tipped darts
 Q - 28 stones (quivered)
Armour
 c - a +0 buckler (worn)
 f - a +0 pair of gloves (worn)
   (You found it on level 1 of the Dungeon)
 g - a +0 plate armour (worn)
   (You found it on level 1 of the Dungeon)
Jewellery
 i - an amulet of faith {!P}
   (You found it on level 3 of the Dungeon)
Potions
 d - 2 potions of might
 h - a potion of berserk rage {unknown}
 j - a potion of attraction {unknown}
 k - 2 potions of haste {unknown}


   Skills:
 + Level 4.6 Fighting
 * Level 4.8 Axes
 + Level 1.9 Ranged Weapons
 - Level 3.6 Armour
 - Level 3.6 Shields


You had 3 spell levels left.
You didn't know any spells.
Your spell library contained the following spells:

 Spells                   Type           Power      Damage    Failure   Level
 Ensorcelled Hibernation  Hex/Ice        0%         N/A       100%        2
 Jinxbite                 Hex            0%         N/A       100%        2
 Anguish                  Hex/Necr       0%         N/A       100%        4


Dungeon Overview and Level Annotations

Branches:
Dungeon (3/15) Zot: 16289   Sewer (1/1) Zot: 5922

Altars:


Innate Abilities, Weirdness & Mutations

You have a pair of horns on your head.
You reflexively headbutt those who attack you in melee.


Message History

You start resting.
You feel sick.
You are no longer poisoned.
You start resting.
A kobold brigand is nearby!
You enter the shallow water.
Moving in this stuff is going to be slow.
The kobold brigand throws a curare-tipped dart.
The curare-tipped dart hits you.
You are poisoned.
You have difficulty breathing.
You feel as though you will be slow longer.
Your unstable footing causes you to fumble your attack.
You feel very sick.
You hear a splashing noise.
The kobold brigand barely misses you.
You feel very sick. The kobold brigand barely misses you.
The kobold brigand hits you but does no damage. x2
You feel sick.
The kobold brigand hits you but does no damage.
The kobold brigand splashes around in the water.
You slash the kobold brigand!
You headbutt the kobold brigand, but do no damage.
You feel sick.
You are no longer poisoned.
The kobold brigand hits you but does no damage.
A kobold comes into view. It is wielding a +0 short sword.
The kobold brigand hits you with a +0 whip.
* * * LOW HITPOINT WARNING * * *
Unknown command.
You closely miss the kobold brigand.
The kobold brigand hits you but does no damage.
The kobold brigand splashes around in the water.
You hit the kobold brigand but do no damage.
The kobold brigand splashes around in the water.
The kobold splashes around in the water.
You barely miss the kobold brigand. You hit the kobold.
You kill the kobold!
You hear a splash.
The kobold brigand splashes around in the water.
The kobold brigand hits you with a +0 whip!
* * * LOW HITPOINT WARNING * * *
You closely miss the kobold brigand.
The kobold brigand hits you with a +0 whip.
* * * LOW HITPOINT WARNING * * *
The kobold brigand hits you with a +0 whip.
* * * LOW HITPOINT WARNING * * *
You slash the kobold brigand!
The kobold brigand hits you with a +0 whip.
You die...

P~# ~~~~~~~)†.# #~#
#######..P# . #~#
###.~..~# ..~ #~#
##.~..~~.# ~... #~#
###...~...##
....~####~###~~~.~~.~##
~~~..~..#~#..~.#~#.~~~#
#P.~~~..~K~).~~#~#~...P#
.~P....~@~.P..~#~#~~~.~#
#~.~~~~..).P..~#~#..PPP#
≈.P~~.~~~~#~#.~#~#~~..##
≈~.~....~.#~#########~#
≈..~.~~.~~#~#
≈≈~~~~~~~~#~#
≈~~~P~~~.#~P ###PP.~~.#


You could see a kobold brigand.

Vanquished Creatures
  2 river rats
  6 adders
  2 worms
  2 dart slugs
  5 endoplasms
  A giant cockroach (D:1)
  3 goblins
  2 hobgoblins
  4 jackals
  4 ball pythons
  5 bats
  4 frilled lizards
  10 kobolds
  7 rats
57 creatures vanquished.

Notes
Turn   | Place    | Note
-------+----------+-------------------------------------------
     0 | D:1      | Pooter the Minotaur Fighter began the quest for the Orb.
     0 | D:1      | Reached XP level 1. HP: 19/19 MP: 0/0
   190 | D:1      | Reached XP level 2. HP: 27/27 MP: 1/1
   746 | D:2      | Reached XP level 3. HP: 19/33 MP: 2/2
   897 | D:2      | Reached skill level 1 in Ranged Weapons
  1046 | D:2      | Reached XP level 4. HP: 37/41 MP: 3/3
  1625 | D:3      | Found a glowing drain.
  1653 | Sewer    | Entered a sewer
  1692 | Sewer    | Noticed a kobold brigand
  1709 | Sewer    | Slain by a kobold brigand

Illustrated notes

Levels and vault maps discovered:
D:1:      dpeg_arrival_concentric_ovals, layout_loops_ring
D:2:      layout_loops_ring, nicolae_elevator_lobby_plus
D:3:      wad_lake_hut, layout_basic, cheibrodos_sewer_entry_sluice, uniq_robin
Sewer:    sewer_co_scattered_pipes

Skill      XL: |  1  2  3 |
---------------+----------+-----
Axes           | 3 4 |  4.8
Fighting       | 4 |  4.6
Ranged Weapons | 1 |  1.9
Armour         | |  3.6
Shields        | |  3.6

Action                     |  1- 3 |  4- 6 || total
---------------------------+-------+-------++-------
  Melee: War axe           |    56 |    39 ||    95
         Headbutt          |     5 |     7 ||    12
   Fire: Sling             |    30 |    12 ||    42
  Throw: Stone             |     5 |     4 ||     9
    Use: Scroll            |       |     3 ||     3
 Armour: Scale mail        |     7 |       ||     7
         Plate armour      |    54 |    38 ||    92
  Dodge: Dodged            |    12 |    10 ||    22
  Block: Buckler           |    13 |     8 ||    21

Table legend: (Time is in decaauts)
 A = Elapsed time spent in this place.
 B = Non-inter-level travel time spent in this place.
 C = Inter-level travel time spent in this place.
 D = Time resting spent in this place.
 E = Time spent auto-exploring this place.
 F = Levels seen in this place.
 G = Mean time per level.
                   A        B        C        D        E       F      G
               +--------+--------+--------+--------+--------+-----+--------+
         Total |   1786 |   1718 |     68 |     83 |   1162 |   4 |  446.5 |
       Dungeon |   1710 |   1642 |     68 |     75 |   1152 |   3 |  570.0 |
         Sewer |     75 |     75 |      0 |      7 |     10 |   1 |   75.0 |
               +--------+--------+--------+--------+--------+-----+--------+

Top non-repeatable levels by time:
     D:2: 891 daAuts
     D:1: 758 daAuts
   Sewer: 75 daAuts
     D:3: 60 daAuts
